 Dungeon Crawl Stone Soup version 0.18.1-48-g4cf74bf (webtiles) character file.

517 Siriah the Inquisitive (level 7, -4/61 HPs)
             Began as a Deep Dwarf Artificer on July 31, 2016.
             Was a Follower of Pakellas.
             Slain by an orc
             ... wielding a +1 hand axe of electrocution
              (17 damage)
             ... on level 4 of the Dungeon.
             The game lasted 00:12:53 (3044 turns).

Siriah the Inquisitive (Deep Dwarf Artificer)       Turns: 3044, Time: 00:12:55

Health: -4/61      AC:  7    Str: 14    XL:     7   Next: 0%
Magic:  11/11      EV: 12    Int: 13    God:    Pakellas [*.....]
Gold:   232        SH:  0    Dex: 13    Spells: 0 memorised, 6 levels left

rFire  . . .     SeeInvis .     j - +0 halberd
rCold  . . .     Gourm    .     a - +0 ring mail
rNeg   . . .     Faith    .     (shield currently unavailable)
rPois  .         Spirit   .     (no helmet)
rElec  .         Dismiss  .     (no cloak)
rCorr  .         Reflect  .     (no gloves)
SustAt +         Harm     .     (no boots)
MR     +....                    (no amulet)
Stlth  +.........               (no ring)
                                n - ring of sustain attributes

@: non-regenerating, somewhat resistant to hostile enchantments, very unstealthy
A: damage resistance, recharge devices, yellow scales 1, sense surroundings 1,
slow regeneration 3, weak 1, wild magic 1
a: Device Recharging, Quick Charge, Renounce Religion


You were on level 4 of the Dungeon.
You worshipped Pakellas.
Pakellas was aware of your devotion.
You were hungry.

You visited 1 branch of the dungeon, and saw 4 of its levels.

You collected 232 gold pieces.

Inventory:

Hand Weapons
 j - a +0 halberd (weapon)
Missiles
 q - 14 bolts
Armour
 a - a +0 ring mail (worn)
 b - a +0 leather armour
Jewellery
 n - a ring of sustain attributes (left hand)
Wands
 c - a wand of flame (6/48)
 d - a wand of enslavement (15/24)
 e - a wand of random effects (4/48)
 f - a wand of heal wounds (3/9)
 m - a wand of confusion (23/48)
Scrolls
 i - a scroll of teleportation {unknown}
 l - a scroll of identify {unknown}
 o - 2 scrolls of recharging {unknown}
 p - a scroll of random uselessness {unknown}
 r - 2 scrolls of remove curse {unknown}
 s - 2 scrolls of magic mapping {unknown}
Potions
 h - a potion of curing
Comestibles
 g - 2 bread rations
 k - 2 meat rations


   Skills:
 + Level 2.6 Fighting
   Level 1.0 Short Blades
 + Level 2.5 Polearms
 + Level 2.3 Armour
 + Level 5.0 Dodging
 + Level 2.1 Stealth
 + Level 5.7 Evocations


You had 6 spell levels left.
You didn't know any spells.

Dungeon Overview and Level Annotations

Branches:
Dungeon (4/15)
 Temple: D:4-7

Altars:
Ashenzari
Cheibriados
Okawaru
Pakellas
Ru
Trog
Vehumet
Xom
Zin


Innate Abilities, Weirdness & Mutations

You are resistant to damage.
You can recharge devices by infusing magical energy.
You passively map a small area around you.
You do not regenerate naturally.
You are partially covered in yellow scales (AC +2).
You are weak. (Str -2)
Your spells are a little harder to cast, but a little more powerful.


Message History

The orc wizard blinks!
Your ring mail prevents you from hitting the orc.
The orc barely misses you. The orc closely misses you.
Evoke which item? (* to show all) (? for menu, Esc to quit)
Zapping:
m - a wand of confusion (24/48)
Press: ? - help, Shift-Dir - straight line, f/p - orc wizard
Aim: an orc wizard, wielding a dagger and wearing a robe (chance to defeat MR: 58%)
The orc wizard appears confused.
This wand has 23 charges left.
The orc hits you with a hand axe of electrocution.
You closely miss the orc.
The orc hits you with a hand axe of electrocution.
You hit the orc but do no damage.
The orc hits you with a hand axe of electrocution.
You barely miss the orc. The orc misses you.
You closely miss the orc. The orc hits you but does no damage.
You are electrocuted!
* * * LOW HITPOINT WARNING * * *
The orc hits you but does no damage.
You are electrocuted!
You die...
Pakellas says: Good help is so hard to find these days!

,#......... #..#..#
* #.......g.,#..#..#
#.........,#..#..#
#......... #..#...
#..8.8.8.8 #..#.## *
#############..... *
...........####...
######>..o.<.......#
#oo@......#######...
#.######### ####....
#.# ,........ #.# *
* ###.... #.# *
##... #o# ##.# #.#
#.. #.# * ### #.# **
*


You could see an orc wizard (confused) and 2 orcs.

Vanquished Creatures
  A phantom (D:3)
  The ghost of donacdum the Grave Robber, an amateur DENe of Makhleb (D:3)
  2 scorpions
  An orc wizard (D:3)
  Ijyb (D:4)
  A worker ant (D:4)
  A hound skeleton (D:4)
  4 gnolls
  4 adders
  An ooze (D:2)
  An adder skeleton (D:4)
  5 worms
  3 dart slugs
  5 orcs (D:3)
  A ball python (D:1)
  3 giant cockroaches
  13 goblins
  11 hobgoblins
  9 bats
  A giant newt (D:3)
  8 kobolds
  6 rats
83 creatures vanquished.

Notes
Turn   | Place    | Note
--------------------------------------------------------------
     0 | D:1      | Siriah the Deep Dwarf Artificer began the quest for the Orb.
     0 | D:1      | Reached XP level 1. HP: 16/16 MP: 3/3
    63 | D:1      | Reached skill level 1 in Fighting
    63 | D:1      | Reached skill level 1 in Short Blades
    63 | D:1      | Reached XP level 2. HP: 25/25 MP: 5/5
   586 | D:1      | Reached skill level 5 in Evocations
   674 | D:1      | Reached XP level 3. HP: 27/31 MP: 6/6
  1295 | D:2      | Reached XP level 4. HP: 19/38 MP: 7/7
  1367 | D:2      | Found an oddly glowing altar of Pakellas.
  1380 | D:2      | Became a worshipper of Pakellas the Inventive
  1551 | D:2      | Gained mutation: You are weak. (Str -2) [potion of mutation]
  1551 | D:2      | Gained mutation: You are partially covered in yellow scales (AC +2). [potion of mutation]
  1551 | D:2      | Gained mutation: Your spells are a little harder to cast, but a little more powerful. [potion of mutation]
  1603 | D:3      | Noticed donacdum's ghost (amateur DENe)
  1604 | D:3      | Killed donacdum's ghost
  1604 | D:3      | Reached skill level 1 in Polearms
  1604 | D:3      | Reached skill level 1 in Armour
  1604 | D:3      | Reached XP level 5. HP: 37/45 MP: 7/9
  1756 | D:3      | Found a glowing silver altar of Zin.
  1872 | D:3      | Reached * piety under Pakellas
  1872 | D:3      | Received a gift from Pakellas
  1976 | D:3      | Noticed a phantom
  1994 | D:3      | Killed a phantom
  1994 | D:3      | Reached XP level 6. HP: 26/52 MP: 10/10
  2109 | D:3      | Found a shattered altar of Ashenzari.
  2129 | D:3      | Found an iron altar of Okawaru.
  2132 | D:3      | Found a sacrificial altar of Ru.
  2577 | D:4      | Reached skill level 5 in Dodging
  2733 | D:4      | Noticed Ijyb
  2764 | D:4      | Killed Ijyb
  2850 | D:4      | Found a snail-covered altar of Cheibriados.
  2883 | D:4      | Reached XP level 7. HP: 28/61 MP: 11/11
  2990 | D:4      | Found a radiant altar of Vehumet.
  2990 | D:4      | Found a bloodstained altar of Trog.
  2990 | D:4      | Found a shimmering altar of Xom.
  3044 | D:4      | Slain by an orc

Skill      XL: |  1  2  3  4  5  6 |
---------------+-------------------+-----
Fighting       | 1 2 |  2.6
Short Blades   | 1 |  1.0
Evocations     | 5 |  5.7
Dodging        | 3 4 5 |  5.0
Polearms       | 1 2 |  2.5
Armour         | 1 2 |  2.3
Stealth        | 2 |  2.1

Action                   |  1- 3 |  4- 6 |  7- 9 || total
-------------------------+-------+-------+-------++-------
Melee: Short sword       |     3 |       |       ||     3
       Halberd           |   173 |   170 |     8 ||   351
Evoke: Wand              |    12 |    17 |     2 ||    31
  Use: Potion            |     3 |     4 |       ||     7
 Stab: Sleeping          |     1 |     1 |       ||     2
       Confused          |       |     3 |       ||     3
  Eat: Chunk             |     2 |     5 |       ||     7
Armor: Ring mail         |    81 |    58 |     4 ||   143
Dodge: Dodged            |   128 |    95 |     7 ||   230
